 Dungeon Crawl Stone Soup version 0.29.1-15-g9cfb28693d (webtiles) character file.

Game seed: 1455947595920537107

11 Racksonjoss101 the Firebug (level 2, 0/20 HPs)
             Began as a Demonspawn Fire Elementalist on Mar 2, 2023.
             Constricted to death by a ball python (1 damage)
             ... on level 2 of the Dungeon.
             The game lasted 00:06:55 (1248 turns).

Racksonjoss101 the Firebug (DsFE)                   Turns: 1248, Time: 00:06:56

Health: 0/20       AC:  2    Str:  8    XL:     2   Next: 17%
Magic:  5/5        EV:  9    Int: 16    God:
Gold:   44         SH:  0    Dex: 13    Spells: 4/5 levels left

rFire   . . .      SeeInvis .   d - +0 club
rCold   . . .      Faith    .   (no shield)
rNeg    . . .      Spirit   .   a - +0 robe
rPois   .          Reflect  .   (no helmet)
rElec   .          Harm     .   (no cloak)
rCorr   .          Rampage  .   (no gloves)
Will    .....                   (no boots)
Stlth   ++........              (no amulet)
HPRegen 0.06/turn               (no ring)
MPRegen 0.09/turn               (no ring)

@: attractive, constricted
A: powered by death 1
a: no special abilities


You were on level 2 of the Dungeon.
You visited 1 branch of the dungeon, and saw 2 of its levels.

You collected 44 gold pieces.

Inventory:

Hand Weapons
 d - a +0 club (weapon)
 e - a +0 club
 j - a +0 club
 l - a +0 club
 m - a +0 dagger
 q - a +0 dagger
 s - a +0 mace
 u - a +0 dagger
 v - a +0 club
Missiles
 i - 13 stones
Armour
 a - a +0 robe (worn)
 k - a +0 ring mail
 o - a +0 robe
 t - a +0 robe
Scrolls
 c - a scroll of poison {unknown}
 f - a scroll of silence {unknown}
 g - 2 scrolls of identify {unknown}
 h - a scroll of blinking {unknown}
 p - a scroll of magic mapping {unknown}
Potions
 b - a potion of magic
 n - a potion of flight {unknown}
 r - a potion of heal wounds {unknown}


   Skills:
 + Level 0.4 Fighting
 + Level 0.3 Maces & Flails
 + Level 2.1 Dodging
 + Level 2.1 Stealth
 + Level 2.0 Spellcasting
 + Level 1.0 Conjurations
 + Level 2.7 Fire Magic


You had 4 spell levels left.
You knew the following spells:

 Your Spells              Type           Power      Damage    Failure   Level
a - Foxfire               Conj/Fire      28%        2x1d5     10%         1

Your spell library contained the following spells:

 Spells                   Type           Power      Damage    Failure   Level
 Scorch                   Fire           20%        2d6       11%         2
 Conjure Flame            Conj/Fire      7%         6-21      28%         3
 Inner Flame              Hex/Fire       5%         N/A       34%         3
 Flame Wave               Conj/Fire      7%         2d5       67%         4


Dungeon Overview and Level Annotations

Branches:
Dungeon (2/15)

Altars:


Innate Abilities, Weirdness & Mutations

You regenerate a little health from kills.


Message History

A goblin is nearby!
A goblin is nearby!
You see here a +0 dagger.
The goblin attacks as you move away! The goblin hits you with a +0 club.
You see here a +0 dagger.
Casting: Foxfire (safe; 10% risk of failure)
Confirm with . or Enter, or press ? or * to list all spells.
You miscast Foxfire.
You are very lightly contaminated with residual magic.
Nothing appears to happen.
The goblin hits you with a +0 club.
* * * LOW HITPOINT WARNING * * *
Unknown command.
It was a potion of attraction.
You feel attractive to monsters. The goblin barely misses you.
You hit the goblin but do no damage. The goblin barely misses you.
You closely miss the goblin. The goblin hits you but does no damage.
You hit the goblin.
You kill the goblin!
Your magical contamination has completely faded away.
Things that are here:
a +0 club; a goblin corpse You see here a +0 dagger.
u - a +0 dagger
Things that are here:
a +0 club; a goblin corpse
v - a +0 club You start resting.
A ball python comes into view.
The ball python is attracted toward you.
The ball python is attracted toward you.
You see here a quokka corpse.
The ball python is attracted toward you.
The ball python is attracted toward you.
The ball python is attracted toward you.
The ball python hisses angrily.
The ball python bites you.
* * * LOW HITPOINT WARNING * * *
The ball python grabs you. The ball python constricts you.
You die...

###############.#
#...............#
##.############.#
#.# #.# #># ###
#.# #.#
#.########
#......@.#
########S# #.# #
#.# .# #.# ..#
#.# ...# #†#
..... #.##......
#.†...§...


You could see a ball python.

Vanquished Creatures
  3 goblins
  2 quokkas
  2 ball pythons (D:1)
  2 kobolds (D:1)
  A rat (D:2)
10 creatures vanquished.

Vanquished Creatures (others)
  8 foxfires (D:1)
8 creatures vanquished.

Grand Total: 18 creatures vanquished

Notes
Turn   | Place    | Note
-------+----------+-------------------------------------------
     0 | D:1      | Racksonjoss101 the Demonspawn Fire Elementalist began the
                  | quest for the Orb.
     0 | D:1      | Reached XP level 1. HP: 13/13 MP: 3/3
   686 | D:1      | Gained mutation: You regenerate a little health from kills.
                  | [demonic ancestry]
   686 | D:1      | Reached XP level 2. HP: 19/20 MP: 3/5
  1248 | D:2      | HP: 1/20 [ball python (3)]
  1248 | D:2      | Constricted to death by a ball python

Illustrated notes

Levels and vault maps discovered:
D:1:      roderic_dead_forest, layout_loops_ring, minmay_misc_feat_doors
D:2:      layout_basic, ebering_ecumenical_altar_rust

Skill      XL: |  1 |
---------------+----+-----
Dodging        | 2 |  2.1
Stealth        | 2 |  2.1
Fighting       | |  0.4
Maces & Flails | |  0.3
Spellcasting   | |  2.0
Conjurations   | |  1.0
Fire Magic     | |  2.7

Action                   || total
-------------------------++-------
Melee: Club              ||    29
 Cast: Foxfire           ||     5
  Use: Potion            ||     1
 Stab: Sleeping          ||     2
Armor: Robe              ||     6
Dodge: Dodged            ||    19
